Map: Chain of Ascension

Players

cokeacola

  • Race: Zerg Zerg

Smileblind

  • Race: Protoss Protoss
  • League: Silver
  • Spawn Location: 11:00

VOD

Have the link to the VOD?

Description

Time

  • Played on: Feb. 10, 2019, 4:56 a.m.
  • Length: 34:51
Show
View Real Time Build Order
Export as new Build Order

cokeacola Zerg 

Build Orders:  

Get SALT Encoding   

  12  0:11  Infested SCV  
  12  0:15  Infested SCV  
  12  0:18  Infested SCV  
  15  0:43  Overlord  
  15  1:16  Infested SCV x3  
  18  1:42  Infested SCV x2  
  20  1:53  Infested SCV  
  20  1:55  Infested Barracks  
  21  2:10  Infested SCV  
  22  2:31  Infested SCV  
  22  2:38  Infested Refinery  
  23  2:55  Overlord  
  23  3:27  Infested Bunker  
  27  3:34  Infested Marine  
  27  3:35  Infested Marine  
  27  3:36  Infested Marine x2  
  29  4:22  Infestation Level 1  
  29  4:28  Infested Marine x4  
  31  4:37  Overlord x3  
  31  4:38  Overlord x2  
  31  5:02  Infested Refinery, Infested SCV  
  32  5:24  Infested Marine x2  
  32  5:25  Infested Marine x4  
  32  5:26  Infested Marine x4  
  42  5:37  Infested SCV x2  
  44  5:43  Infested Engineering Bay  
  44  5:46  Infested Marine  
  44  5:47  Infested Marine x3  
  34  6:38  Infestation Level 2  
  32  6:58  Stukov Infantry Weapons Level 1  
  32  7:01  Infested SCV x2  
  32  7:03  Overlord  
  32  7:04  Overlord x2  
  34  7:16  Infested Missile Turret  
  34  7:21  Infested Marine x5  
  34  7:22  Infested Marine x4  
  28  7:50  Infested Marine x3  
  28  7:51  Infested Marine x4  
  35  8:20  Infested Barracks  
  35  9:16  Infested Barracks  
  35  9:26  Infested Colonist Compound  
  35  9:28  Unknown  
  35  9:30  Infested Missile Turret  
  28  9:40  Infested Barracks  
  28  9:43  Infested Marine x3  
  28  9:44  Infested Marine x4  
  28  9:45  Infested Marine x5  
  28  9:46  Infested Marine x2  
  42  9:53  Stukov Infantry Armor Level 1  
  42  10:02  Infested Marine x4  
  42  10:03  Infested Marine x4  
  42  10:04  Infested Marine  
  51  10:34  Infested Marine  
  51  10:36  Infested Marine  
  53  10:57  Infested Marine x4  
  53  10:58  Infested Marine x4  
  53  10:59  Infested Marine x4  
  65  11:00  Infested Marine x4  
  65  11:01  Infested Marine x3  
  65  11:03  Infested Factory  
  47  11:44  Infested Marine x2  
  47  11:45  Infested Marine x4  
  47  11:46  Infested Marine x2  
  36  12:26  Infested Barracks Tech Lab  
  36  12:28  Infested Factory Tech Lab, Infested Factory  
  28  12:31  Infested Marine  
  28  12:32  Infested Marine  
  28  12:33  Infested Marine x5  
  28  12:34  Infested Marine x3  
  28  12:36  Infested Marine  
  39  12:46  Stukov Infantry Weapons Level 2  
  39  12:53  Infested SCV x2  
  35  13:21  Infested Command Center  
  35  13:28  Infested Siege Tank x5  
  45  15:27  Infested Barracks  
  45  15:34  Infested Barracks  
  45  15:42  Infested SCV  
  45  15:43  Infested SCV x4  
  50  16:12  Infested Diamondback x2  
  50  16:13  Infested Diamondback x3  
  65  16:20  Stukov Infantry Armor Level 2  
  65  16:54  Automated Mitosis  
  65  17:04  Infested Colonist Compound  
  65  17:22  Infested Armory  
  65  17:23  Infested SCV x2  
  65  17:24  Infested SCV x3  
  65  17:28  Overlord  
  65  17:29  Overlord x4  
  70  17:42  Infested Barracks Tech Lab  
  70  17:48  Infested Marine x2  
  70  17:49  Infested Marine x7  
  79  17:50  Infested Marine  
  80  18:10  Infested Starport  
  80  18:51  Saturated Cultures  
  80  18:54  Infested Siege Tank  
  80  18:55  Infested Siege Tank x4  
  80  18:58  Infested SCV x4  
  80  18:59  Infested SCV  
  100  19:08  Infested Refinery  
  95  19:12  Infested Refinery  
  95  19:14  Infested SCV  
  91  19:31  Retinal Augmentation  
  91  19:51  Infested Liberator  
  91  19:54  Stukov Vehicle and Ship Armor Level 1  
  94  20:01  Infested Missile Turret  
  94  20:02  Infested Missile Turret  
  94  20:06  Infested Marine x4  
  94  20:07  Infested Marine x13  
  94  20:08  Infested Marine x3  
  114  20:16  Infested SCV x2  
  114  20:17  Infested SCV  
  117  20:28  Infested Marine  
  117  20:29  Infested Marine x4  
  122  20:30  Infested Marine x3  
  97  21:31  Infested Marine x9  
  97  21:32  Infested Marine x11  
  114  22:17  Infested Liberator  
  114  22:18  Infested Liberator x4  
  129  22:24  Overlord x4  
  129  22:25  Overlord  
  129  22:33  Infested SCV x3  
  112  23:22  Stukov Infantry Weapons Level 3  
  112  23:49  Unknown  
  109  23:50  Infested Marine x7  
  109  23:51  Infested Marine x13  
  109  23:57  Infested Diamondback  
  109  23:58  Infested Diamondback x4  
  144  24:02  Stukov Vehicle and Ship Weapons Level 1  
  144  24:05  Infested Starport Tech Lab  
  144  24:35  Viral Contamination  
  134  25:20  Infested Marine  
  134  25:21  Infested Marine x14  
  134  25:22  Infested Marine x5  
  154  25:33  Infested Missile Turret  
  144  25:41  Rapid Hibernation  
  144  25:43  Infested Banshee x4  
  144  25:44  Infested Banshee  
  159  26:02  Infested Missile Turret  
  159  26:18  Overlord, Infested SCV  
  160  26:29  Infested Missile Turret  
  160  26:32  Infested Missile Turret  
  160  26:56  Infested Missile Turret  
  160  27:00  Infested Missile Turret  
  140  27:22  Infested Missile Turret  
  140  27:28  Infested Missile Turret  
  140  27:32  Infested Marine x4  
  140  27:33  Infested Marine x5  
  140  27:34  Infested Marine x4  
  140  27:35  Infested Marine x2  
  155  27:56  Infested Missile Turret  
  155  28:24  Infested Missile Turret  
  155  29:02  Stukov Infantry Armor Level 3  
  155  29:14  Infested Missile Turret  
  140  30:05  Infested Missile Turret  
  116  32:30  Infested Barracks  
  116  32:31  Infested Marine x2  
  116  32:32  Infested Marine x5  
  116  32:33  Infested Marine x5  
  116  32:34  Infested Marine x4  
  116  32:35  Infested Marine x3  
  116  32:36  Infested Marine x2  
  137  33:12  Infested Marine  
  113  34:25  Infested Marine x3  
  113  34:26  Infested Marine x17  
  133  34:30  Infested Marine  
Show
View Real Time Build Order
Export as new Build Order

Smileblind Protoss 

Build Orders:  

Get SALT Encoding   

  12  0:04  Probe (Chrono Boost)  
  13  0:18  Probe (Chrono Boost)  
  14  0:32  Probe (Chrono Boost)  
  15  0:43  Pylon  
  15  0:57  Gateway  
  15  1:07  Probe (Chrono Boost)  
  16  1:15  Pylon  
  16  1:21  Probe (Chrono Boost)  
  17  1:35  Probe (Chrono Boost)  
  18  1:40  Assimilator  
  18  1:42  Assimilator  
  18  1:49  Probe (Chrono Boost)  
  19  2:02  Gateway  
  19  2:03  Probe (Chrono Boost)  
  20  2:11  Zealot  
  20  2:17  Probe (Chrono Boost)  
  23  2:28  Cybernetics Core  
  23  2:34  Zealot  
  23  3:04  Zealot  
  23  3:06  Probe (Chrono Boost)  
  21  3:20  Probe (Chrono Boost)  
  27  3:33  Probe (Chrono Boost)  
  28  3:47  Probe (Chrono Boost)  
  29  4:01  Probe (Chrono Boost)  
  29  4:08  Pylon  
  30  4:11  Nexus  
  30  4:14  Pylon  
  30  4:15  Probe (Chrono Boost)  
  31  4:29  Probe (Chrono Boost)  
  30  4:36  Zealot x2  
  30  4:37  Zealot  
  35  4:45  Probe (Chrono Boost)  
  34  4:53  Zealot  
  34  4:59  Probe (Chrono Boost)  
  31  5:18  Zealot  
  33  5:28  Forge  
  33  5:36  Pylon  
  33  5:56  Probe (Chrono Boost)  
  34  6:08  Stargate  
  34  6:13  Assimilator  
  34  6:20  Assimilator  
  34  6:46  Probe (Chrono Boost)  
  35  6:58  Photon Cannon  
  35  7:00  Probe (Chrono Boost)  
  35  7:02  Photon Cannon  
  36  7:14  Probe (Chrono Boost)  
  37  7:28  Probe (Chrono Boost)  
  32  7:42  Probe (Chrono Boost)  
  33  7:53  Zealot  
  33  7:55  Zealot x2  
  33  7:56  Zealot x3  
  45  8:01  Probe (Chrono Boost)  
  45  8:06  Phoenix x2  
  50  8:15  Probe (Chrono Boost)  
  51  8:29  Probe (Chrono Boost)  
  52  8:40  Fleet Beacon  
  52  8:42  Probe (Chrono Boost)  
  53  8:53  Photon Cannon  
  53  8:56  Probe (Chrono Boost)  
  54  9:00  Phoenix  
  56  9:10  Probe (Chrono Boost)  
  57  9:24  Probe (Chrono Boost)  
  40  9:45  Dragoon x2  
  40  9:46  Dragoon x3  
  50  10:10  Zealot  
  52  10:48  Tempest x3  
  64  11:16  Pylon  
  64  11:19  Pylon  
  64  11:48  Photon Cannon  
  64  11:51  Photon Cannon  
  64  11:58  Photon Cannon  
  60  12:39  Dragoon x3  
  62  12:40  Dragoon x3  
  62  12:48  Tempest  
  62  12:49  Tempest  
  76  12:59  Probe (Chrono Boost)  
  77  13:13  Probe (Chrono Boost)  
  78  13:24  Stargate  
  78  13:27  Probe (Chrono Boost)  
  73  13:41  Probe (Chrono Boost)  
  73  13:47  Anion Pulse-Crystals  
  74  13:51  Robotics Facility  
  74  13:55  Zealot x2  
  74  13:56  Zealot x2  
  74  13:58  Protoss Air Weapons Level 1  
  78  14:13  Gateway  
  78  14:16  Phoenix  
  78  14:17  Gateway  
  72  14:48  Tempest  
  72  14:49  Tempest  
  80  14:58  Phoenix  
  82  15:01  Observer  
  64  16:08  Dragoon x4  
  64  16:09  Dragoon x3  
  78  16:10  Dragoon  
  80  16:32  Immortal  
  84  16:47  Dragoon  
  86  16:50  Pylon  
  86  16:53  Pylon  
  86  16:56  Pylon  
  86  16:59  Pylon  
  72  17:32  Observer x3  
  69  17:59  Tempest x2  
  77  18:00  Tempest x3  
  89  18:27  Dragoon x2  
  89  18:28  Dragoon x3  
  99  18:35  Zealot  
  95  18:45  Zealot x2  
  81  20:14  Dragoon x2  
  81  20:15  Dragoon x2  
  81  20:16  Dragoon x3  
  50  20:33  Zealot x4  
  50  20:34  Zealot  
  46  20:54  Phoenix  
  46  20:55  Phoenix x4  
  46  20:59  Immortal  
  58  21:04  Zealot x2  
  58  21:07  Probe (Chrono Boost)  
  63  21:21  Probe (Chrono Boost)  
  64  21:35  Probe (Chrono Boost)  
  65  21:46  Zealot x2  
  65  21:47  Zealot x2  
  65  21:48  Probe (Chrono Boost), Zealot  
  68  22:03  Dragoon x2  
  68  22:04  Dragoon x2  
  76  22:27  Gateway  
  76  22:29  Pylon  
  74  22:31  Pylon  
  74  22:34  Phoenix, Pylon  
  74  22:38  Phoenix  
  76  23:00  Tempest  
  80  23:20  Tempest x2  
  80  23:25  Probe (Chrono Boost)  
  89  23:39  Probe (Chrono Boost)  
  89  23:43  Dragoon x3  
  94  24:13  Observer x2  
  94  24:14  Immortal  
  96  24:59  Zealot x3  
  100  25:00  Zealot x3  
  100  25:01  Zealot x2  
  90  25:24  Dragoon x2  
  90  25:25  Dragoon x4  
  90  25:26  Dragoon  
  96  25:42  Zealot x3  
  102  26:03  Dragoon x4  
  102  26:04  Dragoon  
  98  26:45  Dragoon  
  98  26:46  Dragoon x4  
  102  27:14  Dragoon  
  102  27:15  Dragoon x3  
  102  27:16  Dragoon  
  112  28:06  Zealot  
  112  28:07  Zealot  
  112  28:08  Zealot x3  
  114  28:25  Dragoon x2  
  114  28:26  Dragoon x3  
  108  30:07  Dragoon x3  
  108  30:08  Dragoon x4  
  77  31:58  Zealot x4  
  77  31:59  Zealot x3  
  87  32:46  Zealot x3  
  87  32:47  Zealot x4  
  87  32:48  Zealot x4  
  109  32:58  Gateway  
  109  33:00  Gateway  
  109  33:07  Pylon  
  109  33:09  Pylon  
  109  33:13  Pylon  
  109  33:15  Pylon  
  109  33:24  Gateway  
  109  33:26  Gateway  
  109  33:30  Gateway  
  109  33:41  Dragoon x2  
  109  33:42  Dragoon x4  
  109  33:43  Dragoon x2  
Tags
 
Add a new tag
Caveats
  • Supply blocks, unpowered buildings, or Contaminate may cause inaccurate times.
  • Supply counts are checked every 10 seconds.